 Dungeon Crawl Stone Soup version 0.32-a0-975-g85d4e5bfdb (webtiles) character file.

Game seed: 13020328731547375011

32 Maxmaps the Conjurer (level 3, -3/27 HPs)
             Began as a Demonspawn Conjurer on Apr 19, 2024.
             Slain by a gnoll
             ... wielding a +2 vampiric whip
              (6 damage)
             ... on level 2 of the Dungeon.
             The game lasted 00:02:06 (1447 turns).

Maxmaps the Conjurer (Demonspawn Conjurer)          Turns: 1447, Time: 00:02:06

Health: -3/27      AC:  5    Str:  7    XL:     3   Next: 8%
Magic:  0/6        EV: 13    Int: 20    God:
Gold:   17         SH:  0    Dex: 11    Spells: 3/6 levels left

rFire   . . .        (no weapon)
rCold   . . .        (no shield)
rNeg    . . .        n - +0 ring mail
rPois   .            (no helmet)
rElec   .            (no cloak)
rCorr   .            (no gloves)
SInv    .            (no boots)
Will    +....        (no amulet)
Stlth   +            k - ring of willpower
HPRegen 0.24/turn    (no ring)
MPRegen 0.10/turn

%: no passive effects
@: agile
A: powered by pain 1, weakness stinger 1
a: no special abilities


You were on level 2 of the Dungeon.
You visited 1 branch of the dungeon, and saw 2 of its levels.

You collected 17 gold pieces.

Inventory:

Hand Weapons
 g - a +0 spear
Missiles
 c - a throwing net
Armour
 n - a +0 ring mail (worn)
Jewellery
 k - a ring of willpower (left hand)
Scrolls
 d - a scroll of revelation {unknown}
 f - a scroll of enchant weapon {unknown}
 i - a scroll of poison {unknown}
 l - a scroll of teleportation {unknown}
Potions
 b - 2 potions of magic
 e - a potion of resistance {unknown}
 h - a potion of enlightenment {unknown}
 m - a potion of heal wounds {unknown}


   Skills:
 - Level 2.3 Fighting
 - Level 1.7 Dodging
 - Level 1.7 Stealth
 + Level 2.4 Spellcasting
 - Level 4.0 Conjurations


You had 3 spell levels left.
You knew the following spells:

 Your Spells              Type           Power      Damage    Failure   Level
a - Magic Dart            Conj           72%        1d6       11%         1
b - Searing Ray           Conj           36%        2d5       16%         2

Your spell library contained the following spells:

 Spells                   Type           Power      Damage    Failure   Level
 Teleport Other           Tloc           2%         N/A       85%         3
 Fulminant Prism          Conj/Alch      5%         3d7       93%         4
 Iskenderun's Mystic Bla Conj/Tloc 10%            2d4        (+2d2     93%         4
 Dispersal                Tloc           1%         N/A       100%        6
 Gell's Gavotte           Tloc           1%         2d(11-17) 100%        6


Dungeon Overview and Level Annotations

Branches:
Dungeon (2/15)

Altars:


Innate Abilities, Weirdness & Mutations

You sometimes gain a little power by taking damage.
You have a small tail.


Message History

The gnoll closely misses you.
Casting: Searing Ray (safe; 16% risk of failure)
Confirm with . or Enter, or press ? or * to list all spells.
Aiming: Magic Dart (safe; 11% risk of failure)
Press: ? - help, Shift-Dir - straight line, f - gnoll
Aim: a gnoll, wielding a +2 vampiric whip (heavily wounded, 100% to hit)
The magic dart hits the gnoll.
The gnoll is severely wounded.
The gnoll hits you with a +2 vampiric whip!
You focus on the pain.
You feel agile all of a sudden.
The gnoll draws strength from your wounds!
Casting: Magic Dart (safe; 11% risk of failure)
Confirm with . or Enter, or press ? or * to list all spells.
You don't have enough magic to cast this spell.
Unknown command.
You hit the gnoll but do no damage.
The gnoll is moderately wounded.
The gnoll barely misses you.
You hit the gnoll.
The gnoll is moderately wounded.
The gnoll hits you with a +2 vampiric whip.
* * * LOW HITPOINT WARNING * * *
The gnoll draws strength from your wounds!
You closely miss the gnoll. The gnoll closely misses you.
You hit the gnoll but do no damage. You tail-slap the gnoll.
The gnoll is moderately wounded.
The gnoll closely misses you.
You hit the gnoll but do no damage.
The gnoll is moderately wounded.
The gnoll barely misses you.
You hit the gnoll.
Your tail-slap misses the gnoll.
The gnoll is moderately wounded.
The gnoll hits you with a +2 vampiric whip.
* * * LOW HITPOINT WARNING * * *
The gnoll draws strength from your wounds!
You hit the gnoll but do no damage.
The gnoll is moderately wounded.
The gnoll hits you with a +2 vampiric whip.
You die...

#..###
##...#
###.#
#<# #.#
#.#
##.#
#..#
#@## .
#g# r.
#.#
#.###.#
#.r...#
####..#
##.#
...
#....


You could see a gnoll.

Vanquished Creatures
  A gnoll (D:2)
  A dart slug (D:1)
  An endoplasm (D:1)
  2 goblins (D:1)
  3 hobgoblins (D:1)
  5 kobolds
  A quokka (D:2)
  A ball python (D:1)
  2 bats (D:1)
  2 frilled lizards
  A rat (D:1)
20 creatures vanquished.

Notes
Turn   | Place    | Note
-------+----------+-------------------------------------------
     0 | D:1      | Maxmaps the Demonspawn Conjurer began the quest for the
                  | Orb.
     0 | D:1      | Reached XP level 1. HP: 13/13 MP: 3/3
   293 | D:1      | Reached skill level 1 in Fighting
   518 | D:1      | Gained mutation: You sometimes gain a little power by
                  | taking damage. [demonic ancestry]
   518 | D:1      | Reached XP level 2. HP: 22/22 MP: 1/5
   677 | D:1      | Learned a level 2 spell: Searing Ray
   892 | D:1      | Found a faded altar of an unknown god.
  1361 | D:2      | Gained mutation: You have a small tail. [demonic ancestry]
  1361 | D:2      | Reached XP level 3. HP: 27/27 MP: 1/6
  1447 | D:2      | Slain by a gnoll

Illustrated notes

Levels and vault maps discovered:
D:1:      psy_arrival_statuary, layout_loops_corners, basic_ecumenical_altar,
          minmay_misc_feat_diagonals, minmay_door_square
D:2:      layout_rooms, basic_altar, uniq_jessica

Skill      XL: |  1  2 |
---------------+-------+-----
Fighting       | 1 2 |  2.3
Dodging        | |  1.7
Stealth        | |  1.7
Spellcasting   | |  2.4
Conjurations   | |  4.0

Action                     || total
---------------------------++-------
  Melee: Unarmed           ||     7
         Tailslap          ||     1
   Cast: Magic Dart        ||    42
         Searing Ray       ||     2
 Armour: Robe              ||     1
         Leather armour    ||     4
         Ring mail         ||     6
  Dodge: Dodged            ||    10

Table legend: (Time is in decaauts)
 A = Elapsed time spent in this place.
 B = Non-inter-level travel time spent in this place.
 C = Inter-level travel time spent in this place.
 D = Time resting spent in this place.
 E = Time spent auto-exploring this place.
 F = Levels seen in this place.
 G = Mean time per level.
                   A        B        C        D        E       F      G
               +--------+--------+--------+--------+--------+-----+--------+
         Total |   1447 |   1328 |    119 |     44 |   1111 |   2 |  723.5 |
       Dungeon |   1447 |   1328 |    119 |     44 |   1111 |   2 |  723.5 |
               +--------+--------+--------+--------+--------+-----+--------+

Top non-repeatable levels by time:
     D:1: 1321 daAuts
     D:2: 126 daAuts
